TOP OF THE 1ST |
Jersey Shore D-Bags batting - Pitching for Kansas City Kings : LHP Carlos Tavárez
|
Pitching: LHP Carlos Tavárez
|
|
Batting: LHB José Delgado
|
0-0: Called Strike 0-1: Ground out 3-1 (Groundball, 3S)
|
Batting: RHB Mike Ingram
|
0-0: Ground out U3 (Groundball, 34S)
|
Batting: RHB Miguel Serna
|
0-0: Called Strike 0-1: Fly out, F9 (Flyball, 9LMF)
|
Top of the 1st over - 0 runs, 0 hits, 0 errors, 0 left on base; Jersey Shore 0 - Kansas City 0 |
BOTTOM OF THE 1ST |
Kansas City Kings batting - Pitching for Jersey Shore D-Bags : RHP Roland Martin
|
Pitching: RHP Roland Martin
|
|
Batting: SHB Douglas Taylor
|
0-0: Ground out 4-3 (Groundball, 4M)
|
Batting: RHB Dave Parker
|
0-0: Swinging Strike 0-1: Ball 1-1: SOLO HOME RUN (Flyball, 7LD), Distance : 347 ft
|
Batting: RHB Chris Chandler
|
0-0: Ground out 6-3 (Groundball, 6)
|
Batting: LHB Ron Crawford
|
0-0: Called Strike 0-1: Ball 1-1: Foul Ball, location: 2F 1-2: DOUBLE (Line Drive, 9LS)
|
Batting: RHB Rafael Carreón
|
0-0: Ball 1-0: Called Strike 1-1: Ball 2-1: Ground out 1-3 (Groundball, 15)
|
Bottom of the 1st over - 1 run, 2 hits, 0 errors, 1 left on base; Jersey Shore 0 - Kansas City 1 |
TOP OF THE 2ND |
Jersey Shore D-Bags batting - Pitching for Kansas City Kings : LHP Carlos Tavárez
|
Batting: LHB Dave Dodd
|
0-0: Called Strike 0-1: Ball 1-1: Foul Ball, location: 2F 1-2: Ball 2-2: Ground out 4-3 (Groundball, 4)
|
Batting: RHB Francisco Sandoval
|
0-0: Ball 1-0: Called Strike 1-1: Swinging Strike 1-2: Ball 2-2: Ball 3-2: Strikes out swinging
|
Batting: LHB António Cedeño
|
0-0: Called Strike 0-1: Ball 1-1: Called Strike 1-2: Ball 2-2: Ground out 6-3 (Groundball, 4)
|
Top of the 2nd over - 0 runs, 0 hits, 0 errors, 0 left on base; Jersey Shore 0 - Kansas City 1 |
BOTTOM OF THE 2ND |
Kansas City Kings batting - Pitching for Jersey Shore D-Bags : RHP Roland Martin
|
Batting: RHB Eric Fuller
|
0-0: Ball 1-0: Ball 2-0: Foul Ball, location: 2F 2-1: Ball 3-1: Fly out, F9 (Flyball, 9LSF)
|
Batting: RHB Gregg Nelson
|
0-0: Swinging Strike 0-1: Fly out, F9 (Flyball, 9LMF)
|
Batting: RHB Dennis Garner
|
0-0: Ball 1-0: Ball 2-0: Called Strike 2-1: Foul Ball, location: 2F 2-2: Foul Ball, location: 2F 2-2: Foul Ball, location: 2F 2-2: Ground out 5-3 (Groundball, 56S)
|
Bottom of the 2nd over - 0 runs, 0 hits, 0 errors, 0 left on base; Jersey Shore 0 - Kansas City 1 |
TOP OF THE 3RD |
Jersey Shore D-Bags batting - Pitching for Kansas City Kings : LHP Carlos Tavárez
|
Batting: LHB Ed Murray
|
0-0: Ball 1-0: Ball 2-0: Swinging Strike 2-1: Ball 3-1: Base on Balls
|
Batting: RHB Jason Erickson
|
0-0: Ball 1-0: Ball 2-0: Foul Ball, location: 2F 2-1: Fly out, F9 (Flyball, 89S)
|
Batting: RHB Tetsunori Ito
|
0-0: Ball 1-0: Ball 2-0: Foul Ball, location: 2F 2-1: Foul Ball, location: 2F 2-2: Strikes out swinging
|
Batting: LHB José Delgado
|
0-0: Ball 1-0: Called Strike 1-1: Ground out U3 (Groundball, 3)
|
Top of the 3rd over - 0 runs, 0 hits, 0 errors, 1 left on base; Jersey Shore 0 - Kansas City 1 |
BOTTOM OF THE 3RD |
Kansas City Kings batting - Pitching for Jersey Shore D-Bags : RHP Roland Martin
|
Batting: RHB Dave Anderson
|
0-0: Foul Ball, location: 2F 0-1: Swinging Strike 0-2: Ball 1-2: SINGLE (Groundball, 56D)
|
Batting: SHB Douglas Taylor
|
0-0: Ball 1-0: Ball 2-0: Ball 3-0: Called Strike 3-1: Fly out, F2 (Popup, 25F)
|
Batting: RHB Dave Parker
|
0-0: Ball 1-0: Ball 2-0: SINGLE (Line Drive, 89S) Dave Anderson to second Runner from 2nd tries for 3rd, SAFE, no throw
|
Batting: RHB Chris Chandler
|
0-0: Called Strike 0-1: Foul Ball, location: 2F 0-2: Grounds into double play, 5-4-3 (Groundball, 56)
|
Bottom of the 3rd over - 0 runs, 2 hits, 0 errors, 1 left on base; Jersey Shore 0 - Kansas City 1 |
TOP OF THE 4TH |
Jersey Shore D-Bags batting - Pitching for Kansas City Kings : LHP Carlos Tavárez
|
Batting: RHB Mike Ingram
|
0-0: Ball 1-0: Foul Ball, location: 2F 1-1: Ball 2-1: Ball 3-1: Called Strike 3-2: Foul Ball, location: 2F 3-2: Base on Balls
|
Batting: RHB Miguel Serna
|
0-0: Foul Ball, location: 2F 0-1: Ball 1-1: Ball 2-1: Called Strike 2-2: Ball 3-2: Fly out, F8 (Flyball, 8LM)
|
Batting: LHB Dave Dodd
|
0-0: Foul Ball, location: 2F 0-1: Ball 1-1: Foul Ball, location: 2F 1-2: Grounds into double play, 6-4-3 (Groundball, 6)
|
Top of the 4th over - 0 runs, 0 hits, 0 errors, 0 left on base; Jersey Shore 0 - Kansas City 1 |
BOTTOM OF THE 4TH |
Kansas City Kings batting - Pitching for Jersey Shore D-Bags : RHP Roland Martin
|
Batting: LHB Ron Crawford
|
0-0: DOUBLE (Flyball, 8RXD)
|
Batting: RHB Rafael Carreón
|
0-0: Called Strike 0-1: Ball 1-1: Ground out 1-3 (Groundball, P) Ron Crawford to third
|
Batting: RHB Eric Fuller
|
0-0: Called Strike 0-1: Ball 1-1: SINGLE (Line Drive, 56D) Ron Crawford scores
|
Batting: RHB Gregg Nelson
|
0-0: Ball 1-0: Called Strike 1-1: Foul Ball, location: 2F 1-2: Foul Ball, location: 2F 1-2: Strikes out swinging
|
Batting: RHB Dennis Garner
|
0-0: Ball 1-0: Called Strike 1-1: Foul Ball, location: 2F 1-2: Ball 2-2: Strikes out swinging
|
Bottom of the 4th over - 1 run, 2 hits, 0 errors, 1 left on base; Jersey Shore 0 - Kansas City 2 |
TOP OF THE 5TH |
Jersey Shore D-Bags batting - Pitching for Kansas City Kings : LHP Carlos Tavárez
|
Batting: RHB Francisco Sandoval
|
0-0: Ball 1-0: DOUBLE (Flyball, 78D)
|
Batting: LHB António Cedeño
|
0-0: Called Strike 0-1: Ball 1-1: Foul Ball, location: 2F 1-2: Foul Ball, location: 2F 1-2: Foul Ball, location: 2F 1-2: Ball 2-2: Ball 3-2: Base on Balls
|
Batting: LHB Ed Murray
|
0-0: Called Strike 0-1: Foul Ball, location: 2F 0-2: Fly out, F9 (Line Drive, 9)
|
Batting: RHB Jason Erickson
|
0-0: Foul Ball, location: 2F 0-1: Grounds into double play, 4-6-3 (Groundball, 34)
|
Top of the 5th over - 0 runs, 1 hit, 0 errors, 1 left on base; Jersey Shore 0 - Kansas City 2 |
BOTTOM OF THE 5TH |
Kansas City Kings batting - Pitching for Jersey Shore D-Bags : RHP Roland Martin
|
Batting: RHB Dave Anderson
|
0-0: DOUBLE (Flyball, 89D)
|
Batting: SHB Douglas Taylor
|
0-0: Fly out, F8 (Flyball, 8LD) Runner from 2nd tags up, SAFE at 3rd, no throw
|
Batting: RHB Dave Parker
|
0-0: Called Strike 0-1: Ball 1-1: SINGLE (Line Drive, 9S) Dave Anderson scores
|
Batting: RHB Chris Chandler
|
0-0: Called Strike 0-1: Swinging Strike 0-2: Grounds into double play, 6-4-3 (Groundball, 6)
|
Bottom of the 5th over - 1 run, 2 hits, 0 errors, 0 left on base; Jersey Shore 0 - Kansas City 3 |
TOP OF THE 6TH |
Jersey Shore D-Bags batting - Pitching for Kansas City Kings : LHP Carlos Tavárez
|
Batting: RHB Tetsunori Ito
|
0-0: Called Strike 0-1: Ball 1-1: Foul Ball, location: 2F 1-2: Ball 2-2: Strikes out swinging
|
Batting: LHB José Delgado
|
0-0: Called Strike 0-1: Ball 1-1: Ground out 6-3 (Groundball, 4M)
|
Batting: RHB Mike Ingram
|
0-0: Called Strike 0-1: Reached on error, E6 (Groundball, 6)
|
Batting: RHB Miguel Serna
|
0-0: Ball 1-0: SINGLE (Groundball, 6MD) Mike Ingram to third Runner from 3rd tries for Home, SAFE, throw made home
|
Batting: LHB Dave Dodd
|
0-0: Ball 1-0: Ball 2-0: Foul Ball, location: 2F 2-1: SINGLE (Groundball, 34D) Miguel Serna to second Runner from 2nd tries for 3rd, SAFE, no throw
|
Batting: RHB Francisco Sandoval
|
0-0: SINGLE (Groundball, 56D) Miguel Serna scores Dave Dodd to second
|
Pinch Runner at 2nd José Pinto:
|
|
Batting: LHB António Cedeño
|
0-0: Ball 1-0: Called Strike 1-1: Ball Passed Ball! José Pinto to third Francisco Sandoval to second 2-1: Fly out, F8 (Flyball, 8RD)
|
Top of the 6th over - 2 runs, 3 hits, 1 error, 2 left on base; Jersey Shore 2 - Kansas City 3 |
BOTTOM OF THE 6TH |
Kansas City Kings batting - Pitching for Jersey Shore D-Bags : RHP Roland Martin
|
Now at 2B: José Pinto
|
|
Batting: LHB Ron Crawford
|
0-0: Fly out, F8 (Flyball, 8LD)
|
Batting: RHB Rafael Carreón
|
0-0: Foul Ball, location: 2F 0-1: Ball 1-1: Ball 2-1: Called Strike 2-2: Ball 3-2: Foul Ball, location: 2F 3-2: Strikes out looking
|
Batting: RHB Eric Fuller
|
0-0: Ball 1-0: Foul Ball, location: 2F 1-1: Foul Ball, location: 2F 1-2: Ball 2-2: Strikes out swinging
|
Bottom of the 6th over - 0 runs, 0 hits, 0 errors, 0 left on base; Jersey Shore 2 - Kansas City 3 |
TOP OF THE 7TH |
Jersey Shore D-Bags batting - Pitching for Kansas City Kings : LHP Carlos Tavárez
|
Batting: LHB Ed Murray
|
0-0: Called Strike 0-1: Ball 1-1: Ball 2-1: Ball 3-1: Reached via error on a dropped throw, E3
|
Batting: RHB Jason Erickson
|
0-0: Called Strike 0-1: Foul Ball, location: 2F 0-2: Foul Ball, location: 2F 0-2: Ball 1-2: Ball 2-2: Ball 3-2: Strikes out looking Ed Murray steals 2nd base Batter strikes out.
|
Batting: RHB Tetsunori Ito
|
0-0: Fly out, F4 (Popup, 34D)
|
Batting: LHB José Delgado
|
0-0: Ball 1-0: Called Strike 1-1: Ground out 3-1 (Groundball, 34)
|
Top of the 7th over - 0 runs, 0 hits, 1 error, 1 left on base; Jersey Shore 2 - Kansas City 3 |
BOTTOM OF THE 7TH |
Kansas City Kings batting - Pitching for Jersey Shore D-Bags : RHP Roland Martin
|
Batting: RHB Gregg Nelson
|
0-0: Called Strike 0-1: Foul Ball, location: 2F 0-2: Ball 1-2: Ball 2-2: Strikes out swinging
|
Batting: RHB Dennis Garner
|
0-0: Ball 1-0: Called Strike 1-1: Ground out 6-3 (Groundball, 6)
|
Batting: RHB Dave Anderson
|
0-0: Ball 1-0: Swinging Strike 1-1: Ball 2-1: Swinging Strike 2-2: Foul Ball, location: 2F 2-2: Strikes out swinging
|
Bottom of the 7th over - 0 runs, 0 hits, 0 errors, 0 left on base; Jersey Shore 2 - Kansas City 3 |
TOP OF THE 8TH |
Jersey Shore D-Bags batting - Pitching for Kansas City Kings : LHP Carlos Tavárez
|
Pitching: LHP Manuel Parra
|
|
Now in LF: Jesús Bueno
|
|
Batting: RHB Mike Ingram
|
0-0: Called Strike 0-1: Ball 1-1: SINGLE (Groundball, 56D)
|
Batting: RHB Miguel Serna
|
0-0: Ball 1-0: Grounds into double play, 6-4-3 (Groundball, 6)
|
Batting: RHB José Pinto
|
0-0: Ball 1-0: Ball 2-0: Foul Ball, location: 2F 2-1: Foul Ball, location: 2F 2-2: Foul Ball, location: 2F 2-2: Strikes out looking
|
Top of the 8th over - 0 runs, 1 hit, 0 errors, 0 left on base; Jersey Shore 2 - Kansas City 3 |
BOTTOM OF THE 8TH |
Kansas City Kings batting - Pitching for Jersey Shore D-Bags : RHP Roland Martin
|
Batting: SHB Douglas Taylor
|
0-0: Called Strike 0-1: Ground out 3-1 (Groundball, 34S)
|
Batting: RHB Dave Parker
|
0-0: Fly out, F8 (Flyball, 8RS)
|
Batting: RHB Chris Chandler
|
0-0: Foul Ball, location: 2F 0-1: Ball 1-1: Ball 2-1: Ball 3-1: Foul Ball, location: 2F 3-2: Foul Ball, location: 2F 3-2: Base on Balls
|
Batting: LHB Ron Crawford
|
0-0: Ball 1-0: Foul Ball, location: 2F 1-1: Called Strike 1-2: Ball 2-2: Ground out 1-3 (Groundball, 15S)
|
Bottom of the 8th over - 0 runs, 0 hits, 0 errors, 1 left on base; Jersey Shore 2 - Kansas City 3 |
TOP OF THE 9TH |
Jersey Shore D-Bags batting - Pitching for Kansas City Kings : LHP Manuel Parra
|
Pitching: RHP Nick Parks
|
|
Pinch Hitting: LHB Ray Bryant
|
0-0: Ground out 6-3 (Groundball, 6)
|
Batting: LHB António Cedeño
|
0-0: Ball 1-0: Ball 2-0: Fly out, F7 (Line Drive, 7S)
|
Batting: LHB Ed Murray
|
0-0: Ball 1-0: Ball 2-0: Called Strike 2-1: Ground out 4-3 (Groundball, 34S)
|
Top of the 9th over - 0 runs, 0 hits, 0 errors, 0 left on base; Jersey Shore 2 - Kansas City 3 |
|